 Dungeon Crawl Stone Soup version 0.21-b1-15-gfba53cd (webtiles) character file.

117 Golfball the Cudgeler (level 5, -1/32 HPs)
             Began as a Gargoyle Fighter on Jan 3, 2018.
             Splashed by a goblin's acid (12 damage)
             ... on level 3 of the Dungeon.
             The game lasted 00:08:20 (2035 turns).

Golfball the Cudgeler (Gargoyle Fighter)            Turns: 2035, Time: 00:08:20

Health: -1/32      AC:  9    Str: 20    XL:     5   Next: 1%
Magic:  5/5        EV: 11    Int:  9    God:
Gold:   145        SH:  9    Dex:  9    Spells: 4/4 levels left

rFire    + . .     SeeInvis .   a - +0 flail
rCold    x . .     Gourm    .   c - +0 shield
rNeg     + . .     Faith    .   b - +0 scale mail
rPois    ∞         Spirit   .   k - +0 helmet
rElec    +         Reflect  .   o - +0 cloak
rCorr    .         Harm     .   (no gloves)
MR       .....                  (no boots)
Stlth    ..........             (no amulet)
HPRegen  0.10/turn              s - ring of fire
MPRegen  0.09/turn              p - +4 ring of evasion

@: corroded
A: negative energy resistance 1, electricity resistance, unbreathing,
petrification resistance, rot immunity, AC +4
a: no special abilities


You were on level 3 of the Dungeon.
You were not hungry.

You visited 1 branch of the dungeon, and saw 3 of its levels.

You collected 145 gold pieces.

Inventory:

Hand Weapons
 a - a +0 flail (weapon)
 r - a +0 hand axe
Armour
 b - a +0 scale mail (worn)
 c - a +0 shield (worn)
 k - a +0 helmet (worn)
 o - a +0 cloak (worn)
Jewellery
 m - an uncursed ring of stealth
 p - a +4 ring of evasion (right hand)
 s - a ring of fire (left hand)
Scrolls
 e - 2 scrolls of identify
 g - a scroll of fog {unknown}
 j - a scroll of magic mapping {unknown}
Potions
 d - a potion of might
 h - a potion of mutation
 i - a potion of brilliance
 l - 2 potions of curing
 q - a potion of haste
Comestibles
 f - 3 rations
 n - 2 chunks of flesh


   Skills:
 - Level 3.2 Fighting
 + Level 5.0 Maces & Flails
 - Level 3.2 Armour
 - Level 3.2 Shields


You had 4 spell levels left.
You didn't know any spells.

Dungeon Overview and Level Annotations

Branches:
Dungeon (3/15)

Altars:


Innate Abilities, Weirdness & Mutations

You are resistant to torment.
Your stone body is resilient. (AC +4)
You are immune to poison.
You resist negative energy. (rN+)
You are resistant to electric shocks. (rElec)
You can survive without breathing.
You are immune to petrification.
You are immune to rotting.


Message History

You thump the rat!
You kill the rat!
Found 13 arrows.
A goblin comes into view. It is wielding a club.
A bat comes into view.
The goblin shouts!
You hear a shout! x2
A gnoll comes into view. It is wielding a whip.
The gnoll shouts!
You hear a shout!
The goblin zaps a wand.
The bolt of acid hits the bat.
The bat is splashed with acid.
The bat dies!
The bolt of acid hits you!
You are splashed with acid!
The acid burns!
It is a wand of acid (10).
You hear a bark!
You hear a shout!
A gnoll comes into view. It is wielding a whip.
The goblin zaps a wand.
The bolt of acid misses you.
There is a stone staircase leading up here.
The goblin zaps a wand.
The bolt of acid hits you! The acid corrodes you!
You are splashed with acid!
The acid burns!
You die...

..#......# #....... .
....... #....... ..
...... ...... ...##...#
######....# #...#.g##
#.........# #.....##
#.........# ###.g...
#.........# ###....
#.......@.# #......
#.........# #g###.#
#.......#.# #.# ..
#.......#.# #.# #.
#.......#.# ####.# .
##.......#g# ###.g..# .
#..........####g..####.
#.....(....##...#........
#.................####...


You could see a goblin.

Vanquished Creatures
  A bullfrog zombie (D:3)
  Robin (D:2)
  An adder (D:2)
  An ooze (D:3)
  2 worms (D:2)
  A dart slug (D:2)
  2 ball pythons
  2 giant cockroaches
  10 goblins
  9 hobgoblins
  8 jackals
  A kobold (D:1)
  7 bats
  A frilled lizard (D:2)
  3 rats
50 creatures vanquished.

Vanquished Creatures (others)
  A bat (D:3)
1 creature vanquished.

Grand Total: 51 creatures vanquished

Notes
Turn   | Place    | Note
-------+----------+-------------------------------------------
     0 | D:1      | Golfball the Gargoyle Fighter began the quest for the Orb.
     0 | D:1      | Reached XP level 1. HP: 14/14 MP: 1/1
   207 | D:1      | Reached XP level 2. HP: 19/19 MP: 2/2
   343 | D:1      | Reached skill level 3 in Maces & Flails
   604 | D:2      | Noticed Robin
   612 | D:2      | Reached XP level 3. HP: 22/23 MP: 3/3
   644 | D:2      | Killed Robin
   649 | D:2      | Reached skill level 4 in Maces & Flails
   807 | D:2      | Reached XP level 4. HP: 24/28 MP: 4/4
  1956 | D:3      | Reached skill level 5 in Maces & Flails
  1956 | D:3      | Reached XP level 5. HP: 28/32 MP: 5/5
  2035 | D:3      | Splashed by a goblin's acid

Skill      XL: |  1  2  3  4 |
---------------+-------------+-----
Maces & Flails | 3 4 5 |  5.0
Fighting       | |  3.2
Armour         | |  3.2
Shields        | |  3.2

Action                   |  1- 3 |  4- 6 || total
-------------------------+-------+-------++-------
Melee: Flail             |   105 |    55 ||   160
  Use: Scroll            |       |     4 ||     4
  Eat: Ration            |       |     1 ||     1
       Chunk             |       |     1 ||     1
Armor: Scale mail        |    82 |    22 ||   104
Dodge: Dodged            |    34 |    23 ||    57
Block: Shield            |    71 |    21 ||    92
